 Dungeon Crawl Stone Soup version 0.29-a0-557-g43b9904bd1 (webtiles) character file.

Game seed: 8735742184838760922

37 raistware the Digger (level 3, -4/24 HPs)
             Began as a Human Earth Elementalist on June 8, 2022.
             Slain by Terence
             ... wielding a +0 flail
              (8 damage)
             ... on level 2 of the Dungeon.
             The game lasted 00:04:01 (1590 turns).

raistware the Digger (Human Earth Elementalist)     Turns: 1590, Time: 00:04:02

Health: -4/24      AC:  2    Str:  8    XL:     3   Next: 60%
Magic:  1/6        EV: 12    Int: 17    God:
Gold:   148        SH:  5    Dex: 13    Spells: 1/7 levels left

rFire   . . .      SeeInvis .   j - +0 short sword
rCold   . . .      Faith    .   (no shield)
rNeg    . . .      Spirit   .   b - +0 robe
rPois   .          Reflect  +   (no helmet)
rElec   .          Harm     .   (no cloak)
rCorr   .          Rampage  .   (no gloves)
Will    .....                   (no boots)
Stlth   ++........              g - amulet of reflection
HPRegen 0.08/turn               (no ring)
MPRegen 0.10/turn               (no ring)

@: no status effects
A: no striking features
a: no special abilities


You were on level 2 of the Dungeon.
You visited 1 branch of the dungeon, and saw 2 of its levels.

You collected 148 gold pieces.

Inventory:

Hand Weapons
 j - a +0 short sword (weapon)
Missiles
 a - 29 stones
Armour
 b - a +0 robe (worn)
Jewellery
 g - an amulet of reflection (around neck)
 k - a +6 ring of intelligence
Scrolls
 c - a scroll of noise {unknown}
 d - a scroll of teleportation {unknown}
 e - 2 scrolls of identify {unknown}
 h - a scroll of amnesia {unknown}
 l - a scroll of poison {unknown}
 o - a scroll of silence {unknown}
Potions
 f - a potion of curing {unknown}
 i - a potion of might {unknown}
 m - a potion of invisibility {unknown}
 n - a potion of flight {unknown}


   Skills:
 - Level 2.0 Dodging
 + Level 2.4 Stealth
 * Level 2.5 Spellcasting
 + Level 1.4 Transmutations
 * Level 3.4 Earth Magic


You had one spell level left.
You knew the following spells:

 Your Spells              Type           Power      Damage    Failure   Level
a - Sandblast             Erth           26%        2d8       4%          1
b - Passwall              Tmut/Erth      8%         N/A       10%         2
c - Stone Arrow           Conj/Erth      16%        3d8       26%         3

Your spell library contained the following spells:

 Spells                   Type           Power      Damage    Failure   Level
 Shock                    Conj/Air       8%         1d3       19%         1
 Swiftness                Air            2%         N/A       50%         3
 Petrify                  Tmut/Erth      10%        N/A       54%         4
 Airstrike                Air            1%         N/A       88%         4


Dungeon Overview and Level Annotations

Branches:
Dungeon (2/15)

Altars:

Annotations:
D:2 Terence


Message History

Found a scroll labelled YMOKKEN WADWA.
The rat closely misses you.
You barely miss the rat. The rat bites you.
You hit the rat.
You kill the rat!
No target in view!
o - a scroll labelled YMOKKEN WADWA You see here a rat corpse.
Terence and a hobgoblin come into view.
The hobgoblin shouts!
The blast of sand hits Terence.
Terence is lightly wounded.
Terence shouts!
The blast of sand hits Terence but does no damage.
Terence is lightly wounded.
The blast of sand misses Terence.
Terence hits you with a +0 flail.
The blast of sand hits Terence but does no damage.
Terence is lightly wounded.
Terence hits you with a +0 flail! The hobgoblin hits you.
You are too injured to fight recklessly!
Unknown command.
The hobgoblin attacks as you move away!
The hobgoblin hits you but does no damage.
Terence attacks as you move away! Terence hits you with a +0 flail.
The hobgoblin barely misses you. Terence attacks as you move away!
Terence hits you with a +0 flail.
* * * LOW HITPOINT WARNING * * *
Terence attacks as you move away! Terence barely misses you.
You are too injured to fight recklessly!
Sorry, you're not good enough to have a special ability.
Sorry, you're not good enough to have a special ability.
Casting: Sandblast (safe; 4% risk of failure)
Confirm with . or Enter, or press ? or * to list all spells.
Aiming: Sandblast (safe; 4% risk of failure)
Press: ? - help, Shift-Dir - straight line, f/p - Terence
Aim: Terence, wielding a +0 flail and wearing a +0 chain mail (lightly wounded, 85% to hit)
The blast of sand hits Terence but does no damage.
Terence is lightly wounded.
Terence hits you with a +0 flail!
You die...

### ##.############
#.............#######
#....................
#..##########@#######
####..##########@#######
.................g.....#
#.##†.#.....####.......#
#.##..#.....# #.......#
#.## #.##........'
#........... #.#.
#.##........#
#........... #.#.
#.##........#
##+##....... #.#.
#.##.....#### .......
#...


You could see Terence and a hobgoblin.

Vanquished Creatures
  A worm (D:2)
  A ball python (D:1)
  3 bats (D:1)
  2 endoplasms (D:1)
  2 giant cockroaches (D:1)
  4 goblins
  3 hobgoblins (D:1)
  4 kobolds
  4 frilled lizards (D:1)
  10 rats
34 creatures vanquished.

Vanquished Creatures (others)
  A fungus (D:1)
1 creature vanquished.

Grand Total: 35 creatures vanquished

Notes
Turn   | Place    | Note
-------+----------+-------------------------------------------
     0 | D:1      | raistware the Human Earth Elementalist began the quest for
                  | the Orb.
     0 | D:1      | Reached XP level 1. HP: 13/13 MP: 3/3
   341 | D:1      | Found a faded altar of an unknown god.
   386 | D:1      | Reached XP level 2. HP: 18/19 MP: 0/5
   502 | D:1      | Learned a level 2 spell: Passwall
   687 | D:1      | Reached XP level 3. HP: 24/24 MP: 3/6
   691 | D:1      | Learned a level 3 spell: Stone Arrow
  1578 | D:2      | Noticed Terence
  1590 | D:2      | Slain by Terence

Illustrated notes

Levels and vault maps discovered:
D:1:      dpeg_arrival_leaves_temple_mockup, layout_basic,
          shapermc_ecumenical_altar_mp_urbaneastern, st_stairs_2,
          minmay_misc_feat_square
D:2:      cheibrodos_helix_gallery, layout_basic, minmay_rat_gold_closets,
          uniq_terence

Action                   || total
-------------------------++-------
Melee: Unarmed           ||    22
       Short sword       ||    21
 Cast: Sandblast         ||    47
  Use: Potion            ||     1
 Stab: Sleeping          ||     1
Armor: Robe              ||    13
Dodge: Dodged            ||    53
Block: Other             ||     4

Table legend: (Time is in decaauts)
 A = Elapsed time spent in this place.
 B = Non-inter-level travel time spent in this place.
 C = Inter-level travel time spent in this place.
 D = Time resting spent in this place.
 E = Time spent auto-exploring this place.
 F = Levels seen in this place.
 G = Mean time per level.
                   A        B        C        D        E       F      G
               +--------+--------+--------+--------+--------+-----+--------+
         Total |   1591 |   1580 |     11 |      0 |   1306 |   2 |  795.5 |
       Dungeon |   1591 |   1580 |     11 |      0 |   1306 |   2 |  795.5 |
               +--------+--------+--------+--------+--------+-----+--------+

Top non-repeatable levels by time:
     D:1: 1237 daAuts
     D:2: 354 daAuts
